 Dungeon Crawl Stone Soup version 0.30.1-3-gfc49f6343a (webtiles) character file.

Game seed: 16482785682685640440

1211 Zeor the Chopper (level 8, -1/61 HPs)
             Began as a Demonspawn Berserker on July 24, 2023.
             Was a Priest of Trog.
             Killed from afar by an electric eel (11 damage)
             ... with a bolt of electricity
             ... on level 6 of the Dungeon.
             The game lasted 00:17:51 (5041 turns).

Zeor the Chopper (Demonspawn Berserker)             Turns: 5041, Time: 00:17:51

Health: -1/61      AC: 10    Str: 20    XL:     8   Next: 22%
Magic:  8/8        EV:  9    Int:  9    God:    Trog [***...]
Gold:   292        SH:  4    Dex: 12    Spells: 7/7 levels left

rFire   . . .        a - +0 morningstar (venom)
rCold   . . .        (no shield)
rNeg    . . .        c - +1 chain mail
rPois   .            (no helmet)
rElec   .            (no cloak)
rCorr   .            (no gloves)
SInv    +            (no boots)
Will    .....        (no amulet) Stlth
                     i - ring of see invisible
HPRegen 0.30/turn    (no ring)
MPRegen 0.11/turn

%: no passive effects
@: no status effects
A: large bone plates 1, powered by death 1
a: Renounce Religion, Berserk, Trog's Hand


You were on level 6 of the Dungeon.
You worshipped Trog.
Trog was most pleased with you.
You visited 1 branch of the dungeon, and saw 6 of its levels.

You collected 292 gold pieces.

Inventory:

Hand Weapons
 a - a +0 morningstar of venom (weapon)
 s - a +0 hand axe of electrocution
Missiles
 r - 2 javelins (quivered)
 t - a throwing net
Armour
 c - a +1 chain mail (worn)
 p - a +0 leather armour of cold resistance
Jewellery
 e - a ring of fire
 i - a ring of see invisible (left hand)
Wands
 o - a wand of polymorph (3)
Scrolls
 b - 3 scrolls of teleportation
 h - a scroll of poison
 w - a scroll of enchant armour
Potions
 d - a potion of resistance {unknown}
 f - 2 potions of cancellation
 g - 4 potions of might
 j - a potion of curing
 k - a potion of flight {unknown}
 l - a potion of ambrosia {unknown}
 m - 2 potions of heal wounds
 n - a potion of haste
 q - a potion of invisibility
 u - a potion of mutation {unknown}
 v - a potion of magic {unknown}


   Skills:
 + Level 4.3 Fighting
 * Level 6.7(7.1) Axes
 + Level 3.1(5.3) Maces & Flails
 + Level 0.4 Throwing
 + Level 4.2 Armour
 + Level 2.5 Dodging
 + Level 1.3 Shields


You had 7 spell levels left.
You didn't know any spells.
Your spell library was empty.

Dungeon Overview and Level Annotations

Branches:
Dungeon (6/15)
 Temple: D:4-7

Altars:


Innate Abilities, Weirdness & Mutations

You are partially covered in large bone plates. (SH +4)
You regenerate a little health from kills.


Message History

Aim: an electric eel (water, 40% to hit)
You throw a javelin.
The javelin barely misses the electric eel.
You hear a splash.
An electric eel comes into view.
The electric eel shoots out a bolt of lightning at you!
The bolt of electricity misses you.
The electric eel shoots out a bolt of lightning at you!
The bolt of electricity hits you!
An electric eel comes into view.
The electric eel shoots out a bolt of lightning at you!
The bolt of electricity hits you.
The electric eel shoots out a bolt of lightning at you!
The bolt of electricity hits you. The bolt of electricity hits you!
The electric eel shoots out a bolt of lightning at you!
The bolt of electricity hits you.
The electric eel shoots out a bolt of lightning at you!
The bolt of electricity hits you!
* * * LOW HITPOINT WARNING * * *
The electric eel shoots out a bolt of lightning at you!
The bolt of electricity hits the electric eel.
The electric eel completely resists.
The bolt of electricity hits you!
* * * LOW HITPOINT WARNING * * *
The electric eel shoots out a bolt of lightning at you!
The bolt of electricity hits you!
* * * LOW HITPOINT WARNING * * *
You feel much better.
An electric eel comes into view.
The electric eel shoots out a bolt of lightning at you!
The bolt of electricity hits you!
The electric eel shoots out a bolt of lightning at you!
The bolt of electricity hits you.
* * * LOW HITPOINT WARNING * * *
Okay, then.
The electric eel shoots out a bolt of lightning at you!
The bolt of electricity hits you!
* * * LOW HITPOINT WARNING * * *
The electric eel shoots out a bolt of lightning at you!
The bolt of electricity hits you!
You die...

~≈♣ ~≈♣ ∙
~≈♣♣♣≈∙
▒▒~≈S≈≈≈∙
▒▒▒▒▒▒▒∙∙∙∙~∙∙∙
∙∙∙∙∙∙∙∙~≈S≈≈≈~
∙▒▒▒▒▒▒▒▒▒▒∙S≈♣
∙∙∙∙∙∙∙∙∙∙∙∙S≈♣
▒▒▒▒▒▒6▒▒▒▒~≈♣
▒∙∙∙∙<▒ ~≈≈≈≈
▒∙∙∙∙∙▒ ∙~~∙~~
∙∙∙∙∙∙∙∙∙▒
▒▒∙▒▒▒
▒▒▒▒∙∙∙∙∙▒ ∙▒
▒∙∙∙∙∙▒ ∙▒
▒▒▒▒▒▒▒


You could see 3 electric eels.

Vanquished Creatures
  Duvessa (D:5)
  An ice beast (D:5)
  A black bear (D:5)
  An ogre (D:4)
  2 phantoms
  Dowan (D:5)
  5 hounds (D:5)
  A jelly (D:5)
  2 orc priests
  An iguana (D:5)
  Natasha (twice) (D:2)
  3 orc wizards
  10 gnolls
  4 adders
  A white imp (D:5)
  A worm (D:2)
  7 dart slugs
  17 orcs
  3 endoplasms
  6 giant cockroaches
  8 goblins
  3 hobgoblins
  2 kobolds
  7 quokkas
  8 ball pythons
  4 bats
  4 frilled lizards
  8 rats
114 creatures vanquished.

Notes
Turn   | Place    | Note
-------+----------+-------------------------------------------
     0 | D:1      | Zeor the Demonspawn Berserker began the quest for the Orb.
     0 | D:1      | Reached XP level 1. HP: 18/18 MP: 1/1
   151 | D:1      | Reached skill level 3 in Axes
   177 | D:1      | Gained mutation: You regenerate a little health from kills.
                  | [demonic ancestry]
   177 | D:1      | Reached XP level 2. HP: 24/24 MP: 2/2
   468 | D:1      | Reached ** piety under Trog
   645 | D:1      | Gained mutation: You are partially covered in large bone
                  | plates. (SH +4) [demonic ancestry]
   645 | D:1      | Reached XP level 3. HP: 29/29 MP: 3/3
   729 | D:2      | Noticed Natasha
   744 | D:2      | Killed Natasha
   745 | D:2      | Reached skill level 4 in Axes
   796 | D:2      | Reached XP level 4. HP: 32/35 MP: 4/4
   814 | D:2      | Identified the +2 leather armour of the Stallion {Dex+3}
  1022 | D:2      | Found a faded altar of an unknown god.
  1305 | D:2      | Noticed Natasha
  1311 | D:2      | Killed Natasha
  1654 | D:3      | Reached XP level 5. HP: 40/41 MP: 5/5
  2783 | D:4      | Reached skill level 5 in Axes
  2785 | D:4      | Noticed an ogre
  2787 | D:4      | Reached *** piety under Trog
  2794 | D:4      | Killed an ogre
  2795 | D:4      | Reached XP level 6. HP: 40/47 MP: 6/6
  3687 | D:5      | Entered Level 5 of the Dungeon
  3707 | D:5      | Noticed Dowan
  3710 | D:5      | Reached XP level 7. HP: 42/53 MP: 7/7
  3719 | D:5      | Reached skill level 6 in Axes
  3738 | D:5      | Killed Dowan
  3759 | D:5      | Noticed Duvessa
  3953 | D:5      | Killed Duvessa
  3954 | D:5      | Reached skill level 1 in Maces & Flails
  4092 | D:5      | Reached skill level 1 in Shields
  4258 | D:5      | Reached XP level 8. HP: 58/60 MP: 8/8
  5038 | D:6      | HP: 1/61 [electric eel/bolt of electricity (10)]
  5041 | D:6      | Killed from afar by an electric eel

Illustrated notes

Levels and vault maps discovered:
D:1:      dpeg_arrival_refuge, layout_loops_cross
D:2:      layout_basic, shapermc_ecumenical_altar_flowoftime,
          minmay_misc_feat_iff, small_statue_intersection,
          minmay_split_cup_small, uniq_natasha
D:3:      layout_basic, chequers_serial_rivers_room_b
D:4:      layout_loops_ring, mainiacjoe_overflow_small_starburst,
          kennysheep_opposing_triangles
D:5:      layout_basic, chequers_serial_rivers_large_b, uniq_duvessa
D:6:      layout_loops_ring, minmay_temple_entry_poolview, kennysheep_boxes,
          uniq_blork_the_orc, uniq_sigmund

Skill      XL: |  1  2  3  4  5  6  7  8 |
---------------+-------------------------+-----
Axes           | 3 4 5 6 |  6.7
Armour         | 2 3 4 |  4.2
Dodging        | 2 |  2.5
Fighting       | 4 |  4.3
Maces & Flails | 2 3 |  3.1
Shields        | 1 |  1.3
Throwing       | |  0.4

Action                     |  1- 3 |  4- 6 |  7- 9 || total
---------------------------+-------+-------+-------++-------
  Melee: Hand axe          |    70 |   199 |       ||   269
         Punch             |       |     1 |     2 ||     3
         Morningstar       |       |    11 |   113 ||   124
  Throw: Javelin           |       |       |     8 ||     8
 Invoke: Berserk           |     1 |     2 |     1 ||     4
    Use: Scroll            |     7 |     7 |     1 ||    15
         Potion            |       |     1 |     1 ||     2
 Armour: Chain mail        |    39 |    81 |    65 ||   185
  Dodge: Dodged            |    33 |    65 |    62 ||   160
  Block: Other             |     7 |    31 |    30 ||    68
